 Dungeon Crawl Stone Soup version 0.27-a0-1256-gced786f65e (webtiles) character file.

Game seed: 7941570998463994722

4638 BLEDA the Frost Mage (level 10, 0/56 HPs)
             Began as a Barachi Ice Elementalist on June 10, 2021.
             Was an Elder of Hepliaklqana.
             Slain by Erica
             ... wielding a +1 scimitar of flaming
              (3 damage)
             ... on level 8 of the Dungeon.
             The game lasted 00:33:52 (10010 turns).

BLEDA the Frost Mage (Barachi Ice Elementalist)    Turns: 10010, Time: 00:33:52

Health: 0/56       AC:  7    Str: 12    XL:     10   Next: 43%
Magic:  0/20       EV: 15    Int: 16    God:    Hepliaklqana [****..]
Gold:   300        SH:  0    Dex: 13    Spells: 6/23 levels left

rFire    . . .     SeeInvis .   w - +5 scimitar
rCold    . . .     Faith    .   (no shield)
rNeg     . . .     Spirit   +   a - +0 robe
rPois    .         Reflect  .   t - +0 helmet
rElec    .         Harm     .   (no cloak)
rCorr    .         Rampage  .   (no gloves)
Will     +....                  (no boots)
Stlth    +.........             l - amulet of guardian spirit
HPRegen  0.18/turn              h - ring of willpower
MPRegen  0.17/turn              i - +4 ring of protection

@: confused, lethally poisoned (0 -> -2), ambrosia-drunk, slow
A: reduced essence, amphibious, slowness 1, strong legs 1, +LOS
a: Hop, Renounce Religion, Recall Ancestor, Ancestor Identity, Transference,
Idealise


You were on level 8 of the Dungeon.
You worshipped Hepliaklqana.
Hepliaklqana was greatly pleased with you.
You visited 1 branch of the dungeon, and saw 8 of its levels.

You collected 360 gold pieces.
You spent 60 gold pieces at shops.

Inventory:

Hand Weapons
 g - a +2 short sword of flaming
 w - a +5 scimitar (weapon)
Missiles
 m - 2 throwing nets
Armour
 a - a +0 robe (worn)
 t - a +0 helmet (worn)
Jewellery
 h - a ring of willpower (left hand)
 i - a +4 ring of protection (right hand)
 l - an amulet of guardian spirit (around neck)
 y - a +6 ring of dexterity
Wands
 b - a wand of acid (13)
 f - a wand of flame (70)
 o - a wand of charming (13)
 s - a wand of polymorph (5)
 x - a wand of iceblast (8)
 A - a wand of mindburst (16)
Scrolls
 d - 3 scrolls of magic mapping
 j - a scroll of teleportation
 n - a scroll of blinking
 p - a scroll of amnesia
 q - 2 scrolls of enchant armour
 r - a scroll of vulnerability {unknown}
 B - a scroll of enchant weapon {unknown}
 D - a scroll of fog {unknown}
Potions
 c - 3 potions of brilliance
 e - a potion of attraction
 u - a potion of mutation {unknown}
 v - a potion of flight
 z - a potion of lignification
 C - a potion of curing {unknown}


   Skills:
 + Level 7.6 Dodging
 - Level 1.7 Stealth
 + Level 7.0 Spellcasting
 + Level 7.9 Summonings
 * Level 12.0 Ice Magic


You had 6 spell levels left.
You knew the following spells:

 Your Spells              Type           Power      Damage    Failure   Level
a - Freeze                Ice            100%       1d11      1%          1
b - Summon Small Mammal   Summ           100%       N/A       1%          1
c - Frozen Ramparts       Ice            88%        1d10      1%          3
d - Ozocubu's Armour      Ice            44%        N/A       1%          3
e - Hailstorm             Conj/Ice       24%        3d7       11%         4
f - Metabolic Englaciati  Hex/Ice        12%        N/A       28%         5

Your spell library contained the following spells:

 Spells                   Type           Power      Damage    Failure   Level
 Animate Skeleton         Necr           10%        N/A       12%         1
 Apportation              Tloc           10%        N/A       12%         1
 Corona                   Hex            5%         N/A       12%         1
 Pain                     Necr           20%        1d5       12%         1
 Vampiric Draining        Necr           2%         2d6       36%         3
 Animate Dead             Necr           2%         N/A       77%         4
 Agony                    Necr           5%         N/A       98%         5


Dungeon Overview and Level Annotations

Branches:
Dungeon (8/15)             Temple (0/1) D:6            Lair (0/6) D:8

Altars:
Cheibriados
Hepliaklqana
Ru
Uskayaw
Vehumet
Yredelemnul

Shops:
D:2 (   D:6 *

Annotations:
D:6 exclusion: statue
D:8 Erica


Innate Abilities, Weirdness & Mutations

Your life essence is reduced to manifest your ancestor. (-10% HP)
You are amphibious.
You cover ground slowly.
You can hop short distances.
You have an extended range of vision and can be seen from far away.


Message History

You hear some strange, mumbled words.
A bolt of poison appears from out of thin air!
The bolt of poison hits you!!
You are poisoned.
You swap places.
You feel very sick.
Matia hits something with a +0 flail!
You feel very sick.
Matia barely misses something.
Something hits you!
* * * LOW HITPOINT WARNING * * *
Something burns you.
* * * LOW HITPOINT WARNING * * *
* * * LOW HITPOINT WARNING * * *
You feel sick.
Okay, then.
You are confused.
You feel invigorated.
You feel sick. Something hits you.
* * * LOW HITPOINT WARNING * * *
Something burns you.
* * * LOW HITPOINT WARNING * * *
Matia closely misses something.
Something hits you.
* * * LOW HITPOINT WARNING * * *
Something burns you.
* * * LOW HITPOINT WARNING * * *
You are more confused.
You feel more invigorated.
You feel sick.
Matia hits something with a +0 flail!
Something hits you.
* * * LOW HITPOINT WARNING * * *
Something burns you.
You feel sick. Something hits you.
* * * LOW HITPOINT WARNING * * *
Something burns you.
* * * LOW HITPOINT WARNING * * *
Matia closely misses something.
Something hits you!
* * * LOW HITPOINT WARNING * * *
Something burns you.
* * * LOW HITPOINT WARNING * * *
You bump into the rock wall.
You feel sick.
Matia closely misses something.
Something hits you!
You die...

#.......#######.#R....
#.#####.))).....#.#.#.
#.# ###########.#.#.
#.#### #.#... #.#..
###### #.#..# #.#.#
...... #.#.>#
#.#.###....... #.....
#.....#.<..... ####)#
###.#@#....... #)#
#.#.#....... ##.#
###..R......[. #..#
#............. #.##
#.###...###.## #.##
#.# #...# #.#######..†
#.###..># #.......#.#.
####### #.......#
#....).#. ......#
###.######## #.##.#.#.


You could see the friendly Matia the knight.

Vanquished Creatures
  Prince Ribbit (D:5)
  4 yaks (D:8)
  A steam dragon (D:8)
  2 water moccasins (D:8)
  A necrophage (D:7)
  2 orc warriors (D:8)
  A centaur (D:6)
  A kobold brigand (D:8)
  2 scorpions
  A wyvern skeleton (D:7)
  A howler monkey (D:7)
  A bullfrog skeleton (D:6)
  A jelly (D:6)
  An orc priest (D:8)
  A gnoll shaman (D:7)
  7 gnolls
  3 adders
  2 howler monkey skeletons
  A white imp (D:7)
  2 worms (D:2)
  A dart slug (D:2)
  6 orcs
  4 ball pythons
  7 endoplasms
  A giant cockroach (D:1)
  7 goblins
  6 hobgoblins
  10 jackals
  3 quokkas
  3 bats
  7 kobolds
  4 rats
95 creatures vanquished.

Vanquished Creatures (collateral kills)
  Psyche (D:8)
  4 wyverns (D:8)
  A basilisk (D:8)
  A water moccasin (D:8)
  2 ice beasts
  2 sky beasts (D:7)
  2 ogres (D:5)
  A centaur (D:5)
  A phantom (D:4)
  A wyvern zombie (D:6)
  A gnoll sergeant (D:6)
  A scorpion (D:8)
  4 killer bees (D:8)
  3 wights (D:7)
  A bullfrog zombie (D:5)
  A hound (D:4)
  An orc priest (D:8)
  2 iguanas
  3 orc wizards
  A killer bee zombie (D:6)
  A howler monkey skeleton (D:5)
  3 adders (D:6)
  5 gnolls
  A white imp (D:7)
  A worm (D:2)
  A dart slug (D:5)
  15 orcs
  An endoplasm (D:2)
  A quokka (D:4)
  A bat (D:2)
  8 goblins
72 creatures vanquished.

Vanquished Creatures (others)
  2 knights
  An ancestor (D:2)
  A bush (D:8)
  4 fungi (D:8)
  25 plants
33 creatures vanquished.

Grand Total: 200 creatures vanquished

Notes
Turn   | Place    | Note
-------+----------+-------------------------------------------
     0 | D:1      | BLEDA the Barachi Ice Elementalist began the quest for the
                  | Orb.
     0 | D:1      | Reached XP level 1. HP: 13/13 MP: 3/3
   199 | D:1      | Reached skill level 5 in Ice Magic
   211 | D:1      | Reached XP level 2. HP: 10/19 MP: 1/5
   596 | D:1      | Reached skill level 1 in Summonings
  1250 | D:1      | Found a faded altar of an unknown god.
  1277 | D:1      | Became a worshipper of Hepliaklqana the Forgotten
  1277 | D:1      | Reached * piety under Hepliaklqana
  1307 | D:1      | Reached XP level 3. HP: 20/21 MP: 3/6
  1572 | D:2      | Found Puot's Antique Weapon Shoppe.
  1985 | D:2      | You fall into a shaft and drop 2 floors!
  1996 | D:4      | Reached XP level 4. HP: 20/27 MP: 1/8
  2911 | D:3      | Found a hide-covered altar of Uskayaw.
  2913 | D:3      | Found a basalt altar of Yredelemnul.
  2985 | D:3      | Reached ** piety under Hepliaklqana
  2986 | D:3      | Remembered your ancestor Matia as a knight
  3699 | D:4      | Reached skill level 6 in Ice Magic
  3831 | D:4      | Learned a level 1 spell: Summon Small Mammal
  3835 | D:4      | Learned a level 3 spell: Frozen Ramparts
  3839 | D:4      | Learned a level 3 spell: Ozocubu's Armour
  3883 | D:4      | Reached XP level 5. HP: 30/31 MP: 9/9
  3933 | D:4      | Noticed a phantom
  3949 | D:4      | Killed a phantom
  4566 | D:4      | Reached XP level 6. HP: 22/36 MP: 10/10
  4879 | D:5      | Entered Level 5 of the Dungeon
  5001 | D:5      | Noticed Prince Ribbit
  5030 | D:5      | Killed Prince Ribbit
  5031 | D:5      | Reached skill level 7 in Ice Magic
  5031 | D:5      | Reached XP level 7. HP: 6/41 MP: 0/12
  5473 | D:5      | Found a snail-covered altar of Cheibriados.
  5613 | D:5      | Reached *** piety under Hepliaklqana
  5726 | D:5      | Found a sacrificial altar of Ru.
  6082 | D:5      | Reached skill level 8 in Ice Magic
  6589 | D:6      | Reached XP level 8. HP: 46/46 MP: 14/14
  6605 | D:6      | Found a radiant altar of Vehumet.
  6926 | D:6      | Found Domupli's General Store.
  6935 | D:6      | Bought a potion of heal wounds for 60 gold pieces
  6967 | D:6      | Found a staircase to the Ecumenical Temple.
  7022 | D:6      | Reached skill level 5 in Dodging
  7356 | D:6      | Reached skill level 5 in Summonings
  7507 | D:6      | Learned a level 4 spell: Hailstorm
  7823 | D:7      | Reached skill level 9 in Ice Magic
  7827 | D:7      | Reached skill level 5 in Spellcasting
  7973 | D:7      | Reached XP level 9. HP: 41/51 MP: 14/17
  8432 | D:7      | Reached skill level 10 in Ice Magic
  8448 | D:7      | Reached **** piety under Hepliaklqana
  8502 | D:7      | Learned a level 5 spell: Metabolic Englaciation
  8887 | D:8      | Noticed Psyche
  8896 | D:8      | Killed Psyche
  9256 | D:8      | Reached skill level 11 in Ice Magic
  9448 | D:8      | Reached XP level 10. HP: 43/56 MP: 19/19
  9769 | D:8      | Found a staircase to the Lair.
  9788 | D:8      | Reached skill level 12 in Ice Magic
  9995 | D:8      | Noticed Erica
 10009 | D:8      | HP: 1/56 [something (2)]
 10010 | D:8      | Slain by Erica

Illustrated notes

Levels and vault maps discovered:
D:1:      nicolae_arrival_memento_mori, layout_loops_ring,
          hellmonk_ecumenical_altar_inner_sanctum, serial_forest,
          infiniplex_forest_lined_4_way, infiniplex_forest_end_2,
          infiniplex_forest_end_2, infiniplex_forest_fountain,
          infiniplex_forest_clump_C, infiniplex_forest_straight_2,
          infiniplex_forest_clump_double, minivault_14,
          minmay_shallow_snake_nest
D:2:      layout_basic, serial_shops, nicolae_shop_window_shopping
D:3:      layout_basic, grunt_temple_overflow_open, roderic_serpentine_path,
          columned_hall_lemuel
D:4:      layout_cave_pods
D:5:      layout_gridville, nicolae_ru_path_of_blood, kennysheep_slug_shrine,
          grunt_decor_junction, minmay_ogre_servants, uniq_prince_ribbit1
D:6:      layout_rooms, vehumet_statue, minmay_temple_entry_gardened_gates,
          serial_shops, nicolae_shop_waterfront, grunt_decor_arrowhead,
          grunt_decor_clamped
D:7:      layout_loops_cross
D:8:      layout_loops_cross, minmay_lair_entry_grove, grunt_ministairs_1,
          uniq_erica, uniq_psyche

Skill      XL: |  1  2  3  4  5  6  7  8  9 10 |
---------------+-------------------------------+-----
Ice Magic      | 5 6 7 8 9 11 12 | 12.0
Summonings     | 1 2 3 4 5 7 |  7.9
Dodging        | 3 4 5 7 |  7.6
Spellcasting   | 3 4 5 6 7 |  7.0
Stealth        | |  1.7

Action                   |  1- 3 |  4- 6 |  7- 9 | 10-12 || total
-------------------------+-------+-------+-------+-------++-------
Melee: Unarmed           |    13 |     3 |       |       ||    16
       Short sword       |       |    71 |    48 |       ||   119
       Scimitar          |       |       |    47 |     7 ||    54
 Cast: Freeze            |    46 |    18 |       |       ||    64
       Summon Small Mamm |       |     5 |    21 |       ||    26
       Frozen Ramparts   |       |     2 |     6 |     3 ||    11
       Ozocubu's Armour  |       |     1 |     3 |     1 ||     5
Invok: Recall Ancestor   |     2 |       |       |       ||     2
       Ancestor Life: Kn |       |     1 |       |       ||     1
 Abil: Hop               |     3 |       |       |       ||     3
  Use: Potion            |     3 |     1 |     1 |     2 ||     7
       Scroll            |     3 |     4 |     6 |       ||    13
 Stab: Sleeping          |       |     2 |       |       ||     2
       Distracted        |       |     1 |       |       ||     1
Armor: Robe              |    16 |    16 |    37 |     2 ||    71
       Skin              |     3 |       |       |       ||     3
Dodge: Dodged            |    52 |    60 |   100 |    11 ||   223
       Rpst.: Scimitar   |       |       |    12 |     2 ||    14

Table legend: (Time is in decaauts)
 A = Elapsed time spent in this place.
 B = Non-inter-level travel time spent in this place.
 C = Inter-level travel time spent in this place.
 D = Time resting spent in this place.
 E = Time spent auto-exploring this place.
 F = Levels seen in this place.
 G = Mean time per level.
                   A        B        C        D        E       F      G
               +--------+--------+--------+--------+--------+-----+--------+
         Total |  11031 |  10906 |    125 |    521 |   8923 |   8 | 1378.9 |
       Dungeon |  11031 |  10906 |    125 |    521 |   8923 |   8 | 1378.9 |
               +--------+--------+--------+--------+--------+-----+--------+

Top non-repeatable levels by time:
     D:1: 2006 daAuts
     D:5: 1696 daAuts
     D:8: 1592 daAuts
     D:4: 1468 daAuts
     D:6: 1193 daAuts
     D:7: 1111 daAuts
     D:2: 1017 daAuts
     D:3: 946 daAuts
